 Dungeon Crawl Stone Soup version 0.23.2-33-g5129a83184 (webtiles) character file.

Game seed: 2762791697142467789

46 Atelerd the Magician (level 3, -6/21 HPs)
             Began as an Octopode Wizard on July 12, 2019.
             Killed by nerve-wracking pain
             ... invoked by Jessica
              (9 damage)
             ... on level 2 of the Dungeon.
             The game lasted 00:02:08 (1320 turns).

Atelerd the Magician (Octopode Wizard)              Turns: 1320, Time: 00:02:09

Health: -6/21      AC:  1    Str:  6    XL:     3   Next: 66%
Magic:  1/7        EV: 13    Int: 21    God:
Gold:   26         SH:  0    Dex: 10    Spells: 4/8 levels left

rFire    . . .     SeeInvis .   g - +0 long sword
rCold    . . .     Gourm    .   (no shield)
rNeg     . . .     Faith    .   a - +0 hat
rPois    .         Spirit   .   (no amulet)
rElec    .         Reflect  .   (no ring)
rCorr    .         Harm     .   (no ring)
MR       .....                  (no ring)
Stlth    +++.......             (no ring)
HPRegen  0.07/turn              (no ring)
MPRegen  0.10/turn              (no ring)
                                (no ring)
                                (no ring)

@: lethally poisoned (-6 -> -9), very slightly contaminated
A: almost no armour, stealthy swim, amphibious, 8 rings, constrict 8, camouflage
1, gelatinous body 1
a: no special abilities


You were on level 2 of the Dungeon.
You were very hungry.

You visited 1 branch of the dungeon, and saw 2 of its levels.

You collected 26 gold pieces.

Inventory:

Hand Weapons
 d - a +0 dagger
 g - a +0 long sword (weapon)
Armour
 a - a +0 hat (worn)
Scrolls
 b - a scroll of amnesia
Comestibles
 c - 3 rations


   Skills:
 - Level 2.0 Dodging
 - Level 2.6 Stealth
 + Level 3.4 Spellcasting
 * Level 2.9 Conjurations
   Level 1.0 Summonings
   Level 1.0 Translocations


You had 4 spell levels left.
You knew the following spells:

 Your Spells              Type           Power        Failure   Level  Hunger
a - Magic Dart            Conj           ###.         3%          1    None
b - Mephitic Cloud        Conj/Pois/Air  #.......     26%         3    ###....

Your spell library contained the following spells:

 Spells                   Type           Power        Failure   Level  Hunger
 Blink                    Tloc           N/A          13%         2    ##.....
 Call Imp                 Summ           #.......     13%         2    ##.....
 Slow                     Hex            #.......     19%         2    ##.....
 Conjure Flame            Conj/Fire      #.......     22%         3    ###....


Dungeon Overview and Level Annotations

Branches:
Dungeon (2/15)

Altars:

Annotations:
D:2 Jessica


Innate Abilities, Weirdness & Mutations

You cannot wear most types of armour.
You are very stealthy in the water. (Stealth+)
You are amphibious.
You can wear up to eight rings at the same time.
You can use your tentacles to constrict eight enemies at once.
Your skin changes colour to match your surroundings (Stealth+).
Your rubbery body absorbs attacks. (AC +1, EV +1)


Message History

* * * LOW HITPOINT WARNING * * *
You feel sick.
Wield which item (- for none, * to show all)? (? for menu, Esc to quit)
g - a +0 long sword (weapon)
The frilled lizard closely misses you.
You barely miss the frilled lizard. Your grab misses the frilled lizard.
Your surroundings suddenly seem different.
Found a scroll labeled CYPSAI ZAULAC.
A hobgoblin and Jessica come into view.
Jessica is wielding a +3 dagger of pain.
Unknown command.
The helpless Jessica fails to defend herself.
You hit Jessica. You grab Jessica.
Jessica is moderately wounded.
You constrict Jessica, but do no damage.
Jessica misses you.
Jessica grins evilly.
Jessica points at you and mumbles some strange words.
Pain shoots through your body!
You die...

... ..##
...# #
#..#.# #≈
#g.#.#≈≈≈
#....≈≈..
######
#@..≈≈..#
.....#
#@.# #.#
# #?.#
#l##.####
...#
.........
##.##
#.##.###.
..# #.# #
###
#.##.#
.....#
#.####


You could see Jessica and a hobgoblin (sleeping).

Vanquished Creatures
  A ball python (D:1)
  A giant cockroach (D:1)
  4 goblins
  3 hobgoblins (D:1)
  3 jackals (D:1)
  5 kobolds (D:1)
  A quokka (D:2)
  6 bats (D:1)
  4 frilled lizards (D:1)
  A rat (D:1)
29 creatures vanquished.

Vanquished Creatures (collateral kills)
  An adder (D:2)
1 creature vanquished.

Vanquished Creatures (others)
  An adder (D:2)
1 creature vanquished.

Grand Total: 31 creatures vanquished

Notes
Turn   | Place    | Note
-------+----------+-------------------------------------------
     0 | D:1      | Atelerd the Octopode Wizard began the quest for the Orb.
     0 | D:1      | Reached XP level 1. HP: 11/11 MP: 4/4
   335 | D:1      | Reached XP level 2. HP: 3/17 MP: 3/6
  1044 | D:1      | Reached XP level 3. HP: 19/21 MP: 7/7
  1049 | D:1      | Learned a level 3 spell: Mephitic Cloud
  1320 | D:2      | Noticed Jessica
  1320 | D:2      | Killed from afar by Jessica

Skill      XL: |  1  2 |
---------------+-------+-----
Conjurations   | 2 |  2.9
Dodging        | |  2.0
Stealth        | |  2.6
Spellcasting   | |  3.4
Summonings     | |  1.0
Translocations | |  1.0

Action                   || total
-------------------------++-------
Melee: Unarmed           ||     6
       Constrict         ||    13
       Dagger            ||    41
       Tentacles         ||     5
       Long sword        ||     2
 Cast: Magic Dart        ||    28
       Mephitic Cloud    ||     2
  Use: Scroll            ||     3
 Stab: Sleeping          ||     5
Armor: Skin              ||     9
Dodge: Dodged            ||    46
